Map: Abyssal Reef LE

Players

MaSa - Winner!

  • Race: Terran Terran
  • Spawn Location: 5:00

SirRobin

  • Race: Zerg Zerg
  • Spawn Location: 11:00

Event: WCS Austin 2017

VOD

Have the link to the VOD?

Description

Time

  • Played on: April 28, 2017, 2:01 p.m.
  • Length: 8:39

All games in this series

Show
View Real Time Build Order
Export as new Build Order

MaSa Terran - Winner!

Build Orders: Reaper Expand, MMM Bio 

Get SALT Encoding   

  12  0:01  SCV  
  13  0:13  SCV  
  14  0:17  Supply Depot  
  14  0:25  SCV  
  15  0:38  SCV  
  15  0:40  Barracks  
  16  0:44  Refinery  
  16  0:51  SCV  
  17  1:04  SCV  
  18  1:16  SCV  
  19  1:27  Reaper  
  19  1:29  Orbital Command  
  20  1:41  Command Center  
  20  1:52  Barracks  
  20  1:54  SCV  
  20  1:59  Barracks Reactor  
  21  2:05  Supply Depot  
  21  2:08  SCV  
  22  2:13  Refinery  
  22  2:20  SCV  
  23  2:32  SCV  
  23  2:35  Marine  
  25  2:38  Factory  
  25  2:44  SCV  
  26  2:51  Barracks Tech Lab  
  26  2:54  Orbital Command  
  26  2:56  Marine x2, SCV  
  29  3:09  SCV  
  29  3:12  Marine  
  31  3:13  Stimpack  
  31  3:14  Marine x2  
  33  3:21  SCV x2  
  35  3:27  Starport  
  35  3:29  Factory Reactor  
  35  3:30  Marine  
  35  3:33  SCV  
  37  3:34  Marine  
  37  3:36  Marine  
  37  3:38  SCV  
  40  3:45  SCV  
  41  3:49  Marine  
  41  3:50  SCV  
  41  3:52  Marine  
  41  3:54  Marine  
  44  3:57  Supply Depot, SCV  
  44  4:00  Supply Depot  
  46  4:02  Supply Depot, SCV  
  46  4:18  Medivac x2, Marine x3  
  46  4:19  SCV  
  46  4:22  SCV  
  46  4:24  Engineering Bay  
  55  4:26  Engineering Bay  
  55  4:31  SCV  
  56  4:36  Marine x2  
  56  4:37  Marine  
  59  4:39  Supply Depot  
  59  4:43  SCV  
  60  4:47  SCV  
  61  4:54  Terran Infantry Armor Level 1, Terran Infantry Weapons Level 1, Marine x2  
  63  5:00  Command Center  
  63  5:02  Supply Depot  
  63  5:03  Marine  
  63  5:05  SCV  
  63  5:06  SCV  
  66  5:12  Marine x2  
  68  5:19  SCV x2  
  68  5:21  Marine  
  71  5:31  SCV x2  
  71  5:35  Marine x2  
  70  5:39  Marine  
  70  5:40  Barracks, Medivac x2  
  75  5:43  Barracks x2, SCV  
  75  5:45  Factory Reactor  
  76  5:51  Refinery, SCV  
  76  5:52  Refinery  
  77  5:57  Supply Depot, SCV  
  77  5:58  Marine  
  77  6:00  Marine  
  80  6:08  SCV  
  80  6:13  Marine, SCV  
  80  6:14  Medivac x2  
  85  6:22  Supply Depot, Marine x2  
  85  6:25  Widow Mine x2  
  87  6:26  Armory  
  87  6:28  SCV x2  
  87  6:31  Marine  
  94  6:33  Barracks Reactor  
  94  6:34  Barracks Reactor  
  94  6:37  Orbital Command  
  94  6:40  Barracks Reactor  
  94  6:41  SCV  
  94  6:42  SCV  
  94  6:45  Marine x2  
  98  6:53  Combat Shields, Marine, SCV  
  100  6:55  SCV  
  99  7:03  Marine x2  
  99  7:05  SCV  
  99  7:07  SCV x2  
  93  7:09  Marine  
  93  7:11  Marine  
  93  7:17  Medivac, SCV  
  93  7:18  Medivac  
  93  7:21  Widow Mine x2, Marine x2  
  102  7:24  SCV x2  
  102  7:25  Refinery, Marine x2  
  102  7:28  Marine  
  108  7:30  Supply Depot, Marine, SCV  
  108  7:31  Marine  
  110  7:39  Marine x3  
  110  7:40  Marine  
  110  7:43  Marine x2  
  116  7:45  SCV  
  117  7:51  Marine x3  
  117  7:52  SCV x2  
  117  7:57  Marine x2  
  124  8:00  Marine  
  125  8:06  Supply Depot  
  125  8:07  Supply Depot  
  125  8:09  Supply Depot x2  
  125  8:12  Barracks x2  
  125  8:14  Marine x2  
Show
View Real Time Build Order
Export as new Build Order

SirRobin Zerg 

Build Orders: Hatch First, Muta Ling Bane 

Get SALT Encoding   

  12  0:00  Drone  
  13  0:08  Drone  
  14  0:16  Overlord  
  14  0:23  Drone, Extractor  
  15  0:34  Drone x2  
  17  0:53  Hatchery  
  17  0:55  Drone  
  17  0:58  Drone  
  18  1:11  Spawning Pool  
  18  1:14  Extractor  
  18  1:16  Drone  
  17  1:20  Drone  
  18  1:26  Drone  
  19  1:43  Hatchery  
  19  1:45  Drone  
  19  1:52  Drone  
  20  1:58  Queen  
  22  2:08  Queen  
  24  2:11  Zergling x2  
  25  2:17  Overlord  
  25  2:20  Drone  
  26  2:26  Metabolic Boost  
  25  2:33  Extractor  
  24  2:38  Drone, Spore Crawler  
  26  2:52  Drone x2  
  26  2:54  Drone x2  
  26  2:55  Drone  
  31  3:03  Drone  
  31  3:04  Drone x2, Queen  
  35  3:10  Drone x2  
  37  3:16  Overlord  
  37  3:18  Zergling x2  
  37  3:19  Zergling x2  
  39  3:27  Overlord  
  39  3:38  Drone x2  
  40  3:52  Drone  
  40  3:53  Drone x8, Overlord  
  49  3:57  Drone  
  49  4:00  Overlord  
  50  4:04  Evolution Chamber  
  49  4:11  Evolution Chamber  
  49  4:13  Extractor  
  48  4:17  Drone x5  
  48  4:18  Drone x2  
  48  4:20  Queen  
  48  4:22  Queen  
  58  4:27  Overlord  
  58  4:38  Drone x4  
  62  4:39  Extractor  
  62  4:40  Overlord  
  60  4:47  Drone  
  60  4:53  Zerg Melee Weapons Level 1  
  60  4:55  Drone x4  
  60  4:59  Zergling x2  
  67  5:00  Zergling x16  
  67  5:05  Lair  
  73  5:13  Queen  
  75  5:14  Zergling x4  
  75  5:15  Zergling x6  
  75  5:16  Overlord  
  75  5:29  Zergling x14  
  71  5:36  Zergling x2  
  71  5:37  Zergling x10  
  71  5:41  Zergling x2  
  71  5:42  Zergling x2  
  75  5:50  Extractor  
  75  5:51  Baneling Nest  
  75  5:56  Overlord  
  73  5:59  Drone  
  73  6:01  Zergling x4  
  71  6:19  Drone x3  
  71  6:20  Queen x2  
  71  6:23  Drone x2  
  71  6:24  Zergling x14, Spire  
  86  6:28  Overlord  
  86  6:33  Hatchery  
  86  6:36  Queen  
  86  6:38  Zergling x2  
  86  6:39  Zergling x2  
  89  6:41  Baneling x5  
  89  6:42  Centrifical Hooks  
  83  6:55  Queen  
  83  6:56  Zergling x2  
  83  6:57  Zergling x18  
  85  7:12  Zergling x8  
  77  7:18  Queen  
  77  7:21  Extractor  
  77  7:22  Extractor  
  77  7:24  Drone  
  77  7:27  Zergling x2  
  77  7:28  Zergling x8  
  83  7:30  Baneling x4  
  83  7:37  Hatchery  
  83  7:38  Mutalisk x3, Evolution Chamber  
  83  7:39  Mutalisk  
  83  7:40  Evolution Chamber  
  88  7:45  Drone x2  
  88  7:50  Baneling x4  
  81  7:59  Mutalisk x4  
  81  8:00  Mutalisk x2  
  81  8:02  Zergling x12  
  81  8:05  Overseer  
Tags
 
Add a new tag
Caveats
  • Supply blocks, unpowered buildings, or Contaminate may cause inaccurate times.
  • Supply counts are checked every 10 seconds.